 Dungeon Crawl Stone Soup version 0.21.1-1-g345015f (webtiles) character file.

2604 keltmir the Skirmisher (level 9, -5/78 HPs)
             Began as a Hill Orc Fire Elementalist on Mar 18, 2018.
             Was a Priest of Makhleb.
             Killed by nerve-wracking pain
             ... invoked by a shadow imp
             ... summoned by letownia2's ghost
              (13 damage)
             ... on level 7 of the Dungeon.
             The game lasted 00:43:43 (8886 turns).

keltmir the Skirmisher (Hill Orc Fire Elementalist) Turns: 8886, Time: 00:43:44

Health: -5/78      AC: 10    Str: 12 (13) XL:     9   Next: 59%
Magic:  2/11       EV: 16    Int: 18 (20) God:    Makhleb [***...]
Gold:   337        SH:  0    Dex:  8 (11) Spells: 3/11 levels left

rFire    . . .     SeeInvis .   q - +6 spear
rCold    . . .     Gourm    .   (no shield)
rNeg     . . .     Faith    .   z - +3 leather armour of Inia {Int+4}
rPois    .         Spirit   .   (no helmet)
rElec    .         Reflect  .   E - +2 cloak
rCorr    .         Harm     .   A - +0 pair of gloves
MR       +....                  (no boots)
Stlth    +.........             (no amulet)
HPRegen  0.23/turn              d - +3 ring of evasion
MPRegen  0.12/turn              t - ring of protection from magic

@: no status effects
A: no striking features
a: Minor Destruction, Lesser Servant of Makhleb, Renounce Religion


You were on level 7 of the Dungeon.
You worshipped Makhleb.
Makhleb was most pleased with you.
You were very hungry.

You visited 2 branches of the dungeon, and saw 9 of its levels.

You collected 337 gold pieces.

Inventory:

Hand Weapons
 i - a +0 hand axe
 q - a +6 spear (weapon)
 y - a +3 mace of protection
Armour
 a - a +0 robe
 g - a +0 helmet
 m - a +1 ring mail
 u - a +0 leather armour of fire resistance
 z - the +3 leather armour of Inia (worn) {Int+4}
   (You found it on level 5 of the Dungeon)

   It affects your intelligence (+4).
 A - a +0 pair of gloves (worn)
 E - a +2 cloak (worn)
Jewellery
 d - a +3 ring of evasion (left hand)
 t - a ring of protection from magic (right hand)
Wands
 r - a wand of random effects (30)
 v - a wand of enslavement (2)
 C - a wand of digging (14)
Scrolls
 f - 3 scrolls of teleportation
 k - a scroll of random uselessness {unknown}
 o - a scroll of remove curse
 w - a scroll of enchant armour
 x - 3 scrolls of magic mapping
 F - a scroll of identify
Potions
 e - 2 potions of degeneration
 h - 2 potions of flight
 j - 4 potions of curing
 l - a potion of heal wounds {unknown}
 n - 4 potions of lignification
 p - a potion of haste {unknown}
 s - 2 potions of mutation {unknown}
Books
 b - a book of Flames

   Spells                             Type                      Level
   a - Flame Tongue                   Conjuration/Fire             1
   b - Throw Flame                    Conjuration/Fire             2
   c - Conjure Flame                  Conjuration/Fire             3
   d - Inner Flame                    Hexes/Fire                   3
   e - Sticky Flame                   Conjuration/Fire             4
   f - Fireball                       Conjuration/Fire             5
 D - a book of Battle

   Spells                             Type                      Level
   a - Infusion                       Charms                       1
   b - Shroud of Golubria             Charms/Translocation         2
   c - Song of Slaying                Charms                       2
   d - Spectral Weapon                Hexes/Charms                 3
   e - Regeneration                   Charms/Necromancy            3
Comestibles
 c - 18 rations


   Skills:
 * Level 6.9 Fighting
 - Level 6.4(6.7) Axes
 + Level 2.1(4.0) Polearms
 + Level 2.2 Armour
 - Level 4.4 Dodging
 - Level 1.5 Stealth
 - Level 1.5 Spellcasting
 + Level 5.4 Conjurations
 + Level 6.9 Fire Magic
 + Level 2.4 Invocations


You had 3 spell levels left.
You knew the following spells:

 Your Spells              Type           Power        Failure   Level  Hunger
a - Flame Tongue          Conj/Fire      ###..        1%          1    ##.....
b - Conjure Flame         Conj/Fire      ###.....     5%          3    ####...
c - Sticky Flame          Conj/Fire      ###.....     19%         4    #####..


Dungeon Overview and Level Annotations

Branches:
Dungeon (8/15)             Temple (1/1) D:5
   Lair: D:8-11

Altars:
Fedhas
Makhleb
Nemelex Xobeh
Ru
Sif Muna

Annotations:
D:7 letownia2's ghost, novice MfWz


Message History

The crimson imp closely misses you.
Letownia2's ghost gestures at you while chanting.
The magic dart hits you!
* * * LOW HITPOINT WARNING * * *
You are engulfed in noxious fumes.
* * * LOW HITPOINT WARNING * * *
You feel less confused.
The shadow imp laughs crazily.
The crimson imp hits you but does no damage.
Letownia2's ghost wails.
The shadow imp gestures at you. Pain shoots through your body!
* * * LOW HITPOINT WARNING * * *
The crimson imp blinks!
Letownia2's ghost casts a spell at you. The magic dart hits you!
You see here a giant spiked club.
The shadow imp gestures at you. Pain shoots through your body!
You die...

#..####
#..............)#
##### ......#
#...###########.#
#..##.# #...# #.#
#..##.# #...# #.#
...##.# ###.#
#.########
#.###.######.#
#.#.......
....(....#...##
#...######
.......#...>.5########
#####
.###>#.......5..@....#
.##....#.....W######.#
.##..#.#.#...##
.##......#.#.##
....[..##.#...#
###)######...## ##.##
###.### #...# #.....#
#...# #.....#


You could see letownia2's ghost, a crimson imp and a shadow imp.

Vanquished Creatures
  The ghost of kolakolka the Stinger, a novice GrVM (D:6)
  Grinder (D:4)
  Prince Ribbit (D:5)
  A black bear (D:6)
  An ice beast (D:6)
  An orc warrior (D:7)
  2 ogres (D:7)
  2 centaurs
  A bullfrog (D:6)
  4 scorpions
  A howler monkey (D:6)
  2 crimson imps
  2 hounds
  4 orc priests
  A jelly (D:5)
  A bullfrog skeleton (D:6)
  Ijyb (D:4)
  An iguana (D:5)
  6 orc wizards
  7 worker ants
  Terence (D:2)
  2 hound skeletons
  A worker ant zombie (D:5)
  3 gnolls (D:2)
  7 adders
  A shadow imp (D:7)
  2 oozes
  2 adder skeletons
  5 worms
  4 dart slugs
  2 leopard geckos
  25 orcs
  A ball python (D:2)
  4 giant cockroaches
  2 goblins (D:3)
  8 hobgoblins
  11 jackals
  7 kobolds
  3 quokkas
  A ball python zombie (D:2)
  5 bats
  4 frilled lizards
  2 leopard gecko skeletons (D:4)
  A quokka zombie (D:6)
  3 rats (D:3)
148 creatures vanquished.

Vanquished Creatures (collateral kills)
  A quokka skeleton (D:5)
1 creature vanquished.

Vanquished Creatures (others)
  A scorpion (D:5)
1 creature vanquished.

Grand Total: 150 creatures vanquished

Notes
Turn   | Place    | Note
-------+----------+-------------------------------------------
     0 | D:1      | keltmir the Hill Orc Fire Elementalist began the quest for the Orb.
     0 | D:1      | Reached XP level 1. HP: 14/14 MP: 3/3
   359 | D:1      | Reached XP level 2. HP: 20/22 MP: 1/4
   378 | D:2      | Reached skill level 1 in Fighting
   490 | D:1      | Reached XP level 3. HP: 25/28 MP: 3/5
   864 | D:2      | Found a burning altar of Makhleb.
   881 | D:2      | Reached skill level 1 in Axes
   881 | D:2      | Reached XP level 4. HP: 11/36 MP: 0/6
   942 | D:2      | Became a worshipper of Makhleb the Destroyer
  1070 | D:2      | Noticed Terence
  1083 | D:2      | Killed Terence
  1468 | D:2      | Reached XP level 5. HP: 12/41 MP: 1/7
  1703 | D:2      | Found a sparkling altar of Nemelex Xobeh.
  2688 | D:3      | Reached * piety under Makhleb
  2807 | D:3      | Found a blossoming altar of Fedhas.
  3210 | D:4      | Reached XP level 6. HP: 50/50 MP: 8/8
  3828 | D:4      | Noticed Grinder
  3836 | D:4      | Paralysed by Grinder for 4 turns
  3842 | D:4      | Killed Grinder
  3855 | D:5      | Entered Level 5 of the Dungeon
  3891 | D:4      | Noticed Ijyb
  3912 | D:4      | Killed Ijyb
  3912 | D:4      | Reached XP level 7. HP: 44/57 MP: 9/9
  4609 | D:5      | Noticed Prince Ribbit
  4649 | D:5      | Killed Prince Ribbit
  4649 | D:5      | Reached skill level 5 in Fire Magic
  4855 | D:5      | Learned a level 3 spell: Conjure Flame
  5181 | D:5      | Reached ** piety under Makhleb
  5275 | D:5      | Reached XP level 8. HP: 40/67 MP: 10/10
  5379 | D:5      | Reached skill level 5 in Axes
  5497 | D:5      | Found a staircase to the Ecumenical Temple.
  5508 | Temple   | Entered the Ecumenical Temple
  5982 | D:5      | Got a brightly glowing leather armour
  5985 | D:5      | Identified the +3 leather armour of Inia {Int+4} (You found it on level 5 of the Dungeon)
  6495 | D:6      | Reached skill level 5 in Fighting
  6556 | D:6      | Found a sacrificial altar of Ru.
  6812 | D:6      | Noticed kolakolka's ghost (novice GrVM)
  6857 | D:6      | Killed kolakolka's ghost
  6857 | D:6      | Reached XP level 9. HP: 38/75 MP: 5/11
  7082 | D:6      | Reached skill level 5 in Conjurations
  7200 | D:6      | Reached *** piety under Makhleb
  7200 | D:6      | Reached skill level 1 in Armour
  7380 | D:7      | Reached skill level 1 in Invocations
  7709 | D:6      | Reached skill level 1 in Polearms
  7896 | D:7      | Learned a level 4 spell: Sticky Flame
  8811 | D:7      | Noticed letownia2's ghost (novice MfWz)
  8886 | D:7      | Killed from afar by a shadow imp

Skill      XL: |  1  2  3  4  5  6  7  8  9 |
---------------+----------------------------+-----
Fighting       | 1 2 3 4 5 6 |  6.9
Dodging        | 2 3 4 |  4.4
Axes           | 1 2 3 4 6 |  6.4
Conjurations   | 2 3 4 5 |  5.4
Fire Magic     | 4 5 6 |  6.9
Armour         | 2 |  2.2
Invocations    | 2 |  2.4
Polearms       | 2 |  2.1
Stealth        | |  1.5
Spellcasting   | |  1.5

Action                   |  1- 3 |  4- 6 |  7- 9 || total
-------------------------+-------+-------+-------++-------
Melee: Unarmed           |    22 |       |       ||    22
       Hand axe          |    42 |   155 |       ||   197
       Spear             |       |    39 |   396 ||   435
 Cast: Flame Tongue      |    21 |    36 |    40 ||    97
       Conjure Flame     |       |       |    20 ||    20
       Sticky Flame      |       |       |     5 ||     5
Evoke: Wand              |       |       |     2 ||     2
  Use: Scroll            |       |     5 |     6 ||    11
       Potion            |       |     1 |     3 ||     4
 Stab: Sleeping          |     1 |       |     2 ||     3
       Distracted        |       |       |     1 ||     1
  Eat: Chunk             |       |    10 |    21 ||    31
Armor: Robe              |     5 |       |       ||     5
       Ring mail         |       |    46 |    11 ||    57
       Leather armour    |       |       |    55 ||    55
Dodge: Dodged            |    89 |   145 |   211 ||   445
